 Dungeon Crawl Stone Soup version 0.30.0-17-ge0270778cf (webtiles) character file.

Game seed: 10897968483829754226

138337 bmack86 the Severer (level 16, 0/149 HPs)
             Began as a Minotaur Fighter on May 22, 2023.
             Was a High Priest of Okawaru.
             Slain by a faun
             ... wielding a +0 club
              (74 damage)
             ... on level 3 of the Shoals.
             The game lasted 01:19:49 (23581 turns).

bmack86 the Severer (Minotaur Fighter)             Turns: 23581, Time: 01:19:49

Health: 0/149      AC: 40    Str: 28    XL:     16   Next: 71%
Magic:  22/22      EV:  2    Int:  3    God:    Okawaru [*****.]
Gold:   3421       SH:  0    Dex:  9    Spells: 15/15 levels left

rFire   + + .        r - +5 broad axe (holy)
rCold   . . .        U - +5 Storm Queen's Shield {shock, Fly rElec}
rNeg    . . .        g - +3 crystal plate armour "Bintoin" {-Cast rF++ Dex-2 Stlth+}
rPois   .            s - +2 hat
rElec   +            P - +0 cloak
rCorr   .            E - +0 pair of gloves
SInv    .            y - +2 pair of boots
Will    ++...        M - amulet of regeneration Stlth
                     c - +4 ring of protection
HPRegen 1.24/turn    Z - ring of willpower
MPRegen 0.18/turn

%: no spellcasting
@: sleeping, flying
A: horns 2, retaliatory headbutt, dopey 1
a: Renounce Religion, Heroism, Finesse, Duel


You were on level 3 of the Shoals.
You worshipped Okawaru.
Okawaru was extremely pleased with you.
You visited 5 branches of the dungeon, and saw 26 of its levels.
You also visited: Bailey and Ice Cave.

You collected 4467 gold pieces.
You spent 1046 gold pieces at shops.

Inventory:

Hand Weapons
 r - a +5 broad axe of holy wrath (weapon)
 J - the +3 war axe "Leryck" {elec, Str+4 Int+3 Dex+2}
   (You found it on level 8 of the Dungeon)

   Str:       It affects your strength (+4).
   Int:       It affects your intelligence (+3).
   Dex:       It affects your dexterity (+2).
 W - a +4 broad axe
Missiles
 a - 27 boomerangs
 i - 3 silver boomerangs
 p - 12 curare-tipped darts
 G - 6 throwing nets
 V - 9 javelins
Armour
 g - the +3 crystal plate armour "Bintoin" (worn) {-Cast rF++ Dex-2 Stlth+}
   (You acquired it on level 5 of the Dungeon)

   Dex:       It affects your dexterity (-2).
   rF:        It greatly protects you from fire.
   -Cast:     It prevents spellcasting.
   Stlth:     It makes you more stealthy.
 s - a +2 hat (worn)
 y - a +2 pair of boots (worn)
 E - a +0 pair of gloves (worn)
 P - a +0 cloak (worn)
 U - the +5 Storm Queen's Shield (worn) {shock, Fly rElec}
   (You bought it in a shop on level 2 of the Orcish Mines)

   Shock:     When it blocks an attack, it may electrocute the attacker.
   This works even against foes who are a short distance away.
   rElec:     It insulates you from electricity.
   Fly:       It grants you flight.
Jewellery
 c - a +4 ring of protection (left hand)
 x - a ring of protection from fire
 z - the ring "Akuanent" {rElec rN+ rCorr MP+9 Slay-6}
   (You found it on level 9 of the Dungeon)

   [ring of positive energy]

   Slay:      It affects your accuracy & damage with ranged weapons and melee
   (-6).
   rElec:     It insulates you from electricity.
   rN:        It protects you from negative energy.
   MP:        It affects your magic capacity (+9).
   rCorr:     It protects you from acid and corrosion.
 A - a +6 ring of strength
 D - a ring of resist corrosion
 F - a +6 ring of strength
 M - an amulet of regeneration (around neck)
 Z - a ring of willpower (right hand)
Wands
 b - a wand of mindburst (24)
 v - a wand of digging (14)
 C - a wand of flame (59) (quivered)
 H - a wand of iceblast (22)
 I - a wand of quicksilver (4)
 T - a wand of polymorph (7)
Scrolls
 f - 10 scrolls of fog
 h - 12 scrolls of teleportation
 l - 2 scrolls of silence
 n - 6 scrolls of fear
 o - a scroll of identify
Potions
 d - a potion of might
 j - 2 potions of mutation
 k - 4 potions of flight
 m - a potion of brilliance
 q - 8 potions of curing
 u - 6 potions of lignification
 w - 5 potions of resistance
 B - 4 potions of haste
 L - a potion of invisibility
 Q - a potion of ambrosia
 X - a potion of berserk rage
 Y - 3 potions of heal wounds


   Skills:
 + Level 15.3 Fighting
 + Level 18.6 Axes
 - Level 10.0 Throwing
 + Level 16.1 Armour
 + Level 14.6 Shields
 + Level 10.2 Invocations
 + Level 5.4 Evocations


You had 15 spell levels left.
You didn't know any spells.
Your spell library contained the following spells:

 Spells                   Type           Power      Damage    Failure   Level
 Apportation              Tloc           0%         N/A       100%        1
 Freeze                   Ice            0%         1d3       100%        1
 Magic Dart               Conj           0%         1d3       100%        1
 Necrotise                Necr           0%         1d4       100%        1
 Cigotuvi's Dreadful Rot  Necr/Pois/Air  0%         N/A       100%        2
 Ensorcelled Hibernation  Hex/Ice        0%         N/A       100%        2
 Scorch                   Fire           0%         2d5       100%        2
 Sublimation of Blood     Necr           0%         N/A       100%        2
 Frozen Ramparts          Ice            0%         1d1       100%        3
 Gell's Gravitas          Tloc           0%         N/A       100%        3
 Ignite Poison            Fire/Tmut/Pois 0%         N/A       100%        3
 Mephitic Cloud           Conj/Pois/Air  0%         N/A       100%        3
 Portal Projectile        Hex/Tloc       0%         N/A       100%        3
 Teleport Other           Tloc           0%         N/A       100%        3
 Vhi's Electric Charge    Tloc/Air       0%         N/A       100%        3
 Volatile Blastmotes      Fire/Tloc      0%         2d10      100%        3
 Anguish                  Hex/Necr       0%         N/A       100%        4
 Cause Fear               Hex            0%         N/A       100%        4
 Flame Wave               Conj/Fire      0%         2d4       100%        4
 Ice Form                 Ice/Tmut       0%         N/A       100%        4
 Leda's Liquefaction      Hex/Erth       0%         N/A       100%        4
 Petrify                  Tmut/Erth      0%         N/A       100%        4
 Sticky Flame             Conj/Fire      0%         2d3       100%        4
 Alistair's Intoxication  Tmut/Pois      0%         N/A       100%        5
 Arcjolt                  Conj/Air       0%         1d10      100%        5
 Blade Hands              Tmut           0%         N/A       100%        5
 Freezing Cloud           Conj/Ice/Air   0%         6-21      100%        5
 Irradiate                Conj/Tmut      0%         3d11      100%        5
 Iskenderun's Battlesphe  Conj           0%         2d6       100%        5
 Dispersal                Tloc           0%         N/A       100%        6
 Eringya's Noxious Bog    Tmut/Pois      0%         N/A       100%        6
 Iron Shot                Conj/Erth      0%         9d1       100%        6
 Plasma Beam              Fire/Air       0%         2x1d11    100%        6
 Dragon Form              Tmut           0%         N/A       100%        7
 Enfeeble                 Hex            0%         N/A       100%        7
 Orb of Destruction       Conj           0%         9d5       100%        7
 Ignition                 Fire           0%         3d3       100%        8
 Summon Small Mammal      Summ           Unusable   N/A       N/A         1
 Call Imp                 Summ           Unusable   N/A       N/A         2
 Call Canine Familiar     Summ           Unusable   N/A       N/A         3
 Summon Guardian Golem    Hex/Summ       Unusable   N/A       N/A         3
 Summon Forest            Summ/Tloc      Unusable   N/A       N/A         5
 Summon Cactus Giant      Summ           Unusable   N/A       N/A         6
 Spellforged Servitor     Conj/Summ      Unusable   N/A       N/A         7
 Summon Hydra             Summ           Unusable   N/A       N/A         7

Dungeon Overview and Level Annotations

Branches:
Dungeon (15/15)            Temple (1/1) D:7            Lair (5/5) D:10
 Shoals (3/4) Lair:3        Snake (0/4) Lair:3        Slime (0/5) Lair:5
    Orc (2/2) D:10            Elf (0/3) Orc:2        Vaults (0/5) D:14
 Depths (0/4) D:15         Bailey (visited)           IceCv (visited)

Altars:
Ashenzari
Cheibriados
Dithmenos
Elyvilon
Fedhas
Gozag
Hepliaklqana
Kikubaaqudgha
Makhleb
Nemelex Xobeh
Okawaru
Qazlal
Ru
Sif Muna
Trog
Uskayaw
Vehumet
Wu Jian
Xom
Yredelemnul
Zin
The Shining One

Shops:
D:10 (   D:11 *   Orc:2 [[(*

Annotations:
D:9 1 runed translucent door


Innate Abilities, Weirdness & Mutations

You have a pair of horns on your head.
You reflexively headbutt those who attack you in melee.
You are dopey. (Int -2)


Message History

The faun casts a spell at the satyr.
The centaur's willpower is stripped away.
The satyr unwields a +3 longbow.
The satyr wields a +0 quarterstaff.
The satyr hits you with a +0 quarterstaff!
You closely miss the satyr.
The centaur shouts!
Your headbutt misses the satyr.
The satyr is almost dead.
The centaur shoots an arrow.
The arrow hits you but does no damage.
You flicker back into view.
The dream sheep bleats! x2; You hear a bleat!
The centaur unwields a +0 shortbow.
You block the centaur's attack. The centaur barely misses you.
The satyr hits you with a +0 quarterstaff.
You block the centaur's attack.
Your shield discharges, shocking the centaur!
The centaur kicks you but does no damage.
You closely miss the centaur. You headbutt the centaur!
The centaur is almost dead.
You slash the satyr!
You kill the satyr!
Okawaru accepts your kill.
You closely miss the faun. You slash the faun!
The faun is moderately wounded.
You slash the centaur!
You kill the centaur!
Okawaru accepts your kill.
The dream sheep ruffle their wool and motes of dream dust sparkle, to no effect.
The faun unwields a +0 sling.
The faun wields a +0 club.
You block the faun's attack.
You barely miss the faun. You headbutt the faun.
The faun is moderately wounded.
Unknown command.
You slice the faun!!
The faun is severely wounded.
The dream sheep shake their wool and sparkle.
You feel drowsy...
You fall asleep.
The faun hits you with a +0 club!!!!
You die...

~~~~~. ~~~~~~..##
~Y~~~~...##
H~~~~~~~..#
~~~~~~~~..#
..~Y~~Y~~.#######
.~~~~~~~~.......# ##.
..~....YH....~~.#....
....##.~~.@)<~)...~.~
..~...~~†)c..........
~~~....~(..##..##..##
~~~~..~~...##..# ..#
P..~~~~.......... .
##..~~~...........
#..~~~~....##c.P....
~~~~~~~....##......c
~~P~~~~~~........P..


You could see a faun (strong), a manticore and 3 dream sheep.

Vanquished Creatures
  Gastronok (Lair:2)
  Kirke (D:14)
  A frost giant (Shoals:2)
  An orc warlord (Orc:1)
  4 reapers (IceCv)
  An ettin (D:14)
  Josephine (D:11)
  Harold (D:9)
  2 rakshasas
  4 caustic shrike simulacra (IceCv)
  5 hydras
  7 catoblepae
  10 centaur warriors
  A death knight (D:15)
  A satyr (Shoals:3)
  6 boulder beetles
  An ice dragon (D:15)
  6 two-headed ogres
  A merfolk aquamancer (Shoals:1)
  10 death yaks
  3 orc high priests (Orc:2)
  Sonja (Lair:5)
  Nergalle (D:10)
  5 skysharks
  A skeletal warrior (D:15)
  3 sea snakes
  A deep troll (D:14)
  3 bog bodies (IceCv)
  3 wizards (D:15)
  A lindwurm (Lair:5)
  2 obsidian statues (IceCv)
  9 orc knights
  A necromancer (D:15)
  Pikel (D:7)
  5 orc sorcerers
  3 deep elf pyromancers
  A harpy (shapeshifter) (D:11)
  4 harpies
  11 ugly things
  9 manticores
  A salamander (shapeshifter) (D:14)
  7 cyclopes
  15 elephants
  A merfolk siren (Shoals:1)
  5 centaur zombies
  2 fauns
  2 black mambas
  9 cane toads
  A gargoyle (D:14)
  A naga mage (D:15)
  8 komodo dragons
  4 rime drakes
  2 unseen horrors (D:11)
  2 anaconda simulacra (IceCv)
  5 freezing wraiths
  2 ice devils (IceCv)
  2 efreet
  2 golden dragon simulacra (IceCv)
  8 merfolk
  7 trolls
  2 wind drakes
  4 polar bears
  A harpy skeleton (D:15)
  A hornet (D:9)
  9 blink frogs
  9 slime creatures
  3 snapping turtles (Shoals:1)
  2 centaur simulacra (D:12)
  11 water elementals
  4 basilisks
  2 dire elephant simulacra (IceCv)
  9 wraiths
  50 yaks
  A steam dragon (D:8)
  3 hogs (D:14)
  4 wyverns
  2 vampire mosquitoes (D:12)
  Grum (D:8)
  A warg (Orc:2)
  A harpy simulacrum (Shoals:2)
  A sea snake simulacrum (Shoals:2)
  4 hydra simulacra (IceCv)
  2 acid dragons
  14 water moccasins
  30 orc warriors
  7 ice beasts
  2 black bears
  A sky beast (D:7)
  7 ogres
  4 wolves (D:8)
  5 boggarts (D:14)
  16 centaurs
  A phantom (D:5)
  A lemure (D:7)
  6 kobold brigands (Bailey)
  17 bullfrogs
  6 scorpions
  A faun simulacrum (Shoals:2)
  A gnoll sergeant (D:8)
  9 wights
  A manticore simulacrum (Shoals:2)
  A killer bee (D:9)
  4 electric eels
  4 howler monkeys
  3 jellies (D:5)
  A gnoll bouda (D:5)
  22 orc priests
  3 hounds
  2 cyclops simulacra (Shoals:2)
  Jessica (D:2)
  4 iguanas
  5 sleepcaps
  21 orc wizards
  A boggart simulacrum (D:15)
  Robin (D:2)
  12 gnolls
  5 adders
  A shadow imp (D:6)
  4 white imps
  2 ufetubi
  2 worms
  3 dart slugs
  87 orcs
  7 ball pythons
  11 endoplasms
  A giant cockroach (D:4)
  28 goblins
  21 hobgoblins
  19 kobolds
  5 quokkas
  3 bats
  5 frilled lizards
  8 rats
772 creatures vanquished.

Vanquished Creatures (others)
  A merfolk aquamancer (Shoals:2)
  An ugly thing (D:9)
  A black mamba (Lair:5)
  2 yaks (D:9)
  4 tentacles (Shoals:2)
9 creatures vanquished.

Grand Total: 781 creatures vanquished

Notes
Turn   | Place    | Note
-------+----------+-------------------------------------------
     0 | D:1      | bmack86 the Minotaur Fighter began the quest for the Orb.
     0 | D:1      | Reached XP level 1. HP: 19/19 MP: 0/0
   162 | D:1      | Reached skill level 3 in Axes
   197 | D:1      | Reached XP level 2. HP: 26/27 MP: 1/1
   736 | D:2      | Reached XP level 3. HP: 33/33 MP: 2/2
   865 | D:2      | Reached skill level 4 in Axes
   893 | D:2      | Noticed Robin
   901 | D:2      | HP: 1/34 [hobgoblin[Robin] (5)]
   904 | D:2      | Killed Robin
   905 | D:2      | Reached XP level 4. HP: 10/41 MP: 3/3
  1065 | D:2      | Got the Vademecum on Relocation
  1171 | D:2      | Noticed Jessica
  1176 | D:2      | Killed Jessica
  1177 | D:2      | Reached skill level 5 in Axes
  1547 | D:3      | Noticed a +0 falchion
  1547 | D:3      | Noticed a +0 spear
  1547 | D:3      | Noticed a +0 spear
  1547 | D:3      | Noticed a +0 falchion
  1547 | D:3      | Noticed a +0 short sword
  1548 | D:3      | Noticed a +0 dagger
  1548 | D:3      | Noticed a +0 short sword
  1549 | D:3      | Noticed a +0 dagger
  1551 | D:3      | Found a hide-covered altar of Uskayaw.
  1606 | D:3      | Reached XP level 5. HP: 47/47 MP: 4/4
  1987 | D:3      | Identified the +5 chain mail of Ehyofoj {Dex+4}
  2080 | D:3      | Reached skill level 5 in Fighting
  2193 | D:4      | Noticed an ogre
  2202 | D:4      | Killed an ogre
  2203 | D:4      | Reached skill level 6 in Axes
  2285 | D:4      | Reached XP level 6. HP: 46/56 MP: 5/5
  2826 | D:4      | Noticed an ice beast
  2836 | D:4      | Killed an ice beast
  2837 | D:4      | Reached skill level 7 in Axes
  2837 | D:4      | Reached XP level 7. HP: 63/63 MP: 6/6
  2980 | D:5      | Entered Level 5 of the Dungeon
  2985 | D:5      | Identified a scroll of acquirement
  2985 | D:5      | Acquired the +3 crystal plate armour "Bintoin" {-Cast rF++
                  | Dex-2 Stlth+}
  3007 | D:5      | Reached skill level 5 in Armour
  3129 | D:5      | Reached skill level 8 in Axes
  3343 | D:5      | Reached XP level 8. HP: 71/71 MP: 7/7
  3976 | D:5      | Reached skill level 9 in Axes
  3976 | D:5      | Reached skill level 5 in Shields
  4511 | D:6      | Found a broken altar of Ashenzari.
  4539 | D:6      | Found a bloodstained altar of Trog.
  4565 | D:6      | Identified the +4 dagger of Gozag's Pride {freeze, Fly
                  | Str+2}
  4740 | D:6      | Found a burning altar of Makhleb.
  4743 | D:6      | Noticed a cacodemon
  4760 | D:6      | Found a glowing silver altar of Zin.
  4761 | D:6      | Noticed an angel
  5039 | D:6      | Found a snail-covered altar of Cheibriados.
  5091 | D:6      | Found an ornate altar of the Wu Jian Council.
  5215 | D:7      | Reached XP level 9. HP: 57/79 MP: 6/8
  5268 | D:7      | Noticed Pikel
  5277 | D:7      | Killed Pikel
  5278 | D:7      | Reached skill level 10 in Axes
  5446 | D:7      | Found a staircase to the Ecumenical Temple.
  5460 | Temple   | Entered the Ecumenical Temple
  5460 | Temple   | Noticed a sun demon
  5460 | Temple   | Noticed a shadow demon
  5460 | Temple   | Noticed an ice devil
  5460 | Temple   | Noticed a reaper
  5461 | Temple   | Noticed Kuuzam the pandemonium lord
  5461 | Temple   | Noticed Xameczas the pandemonium lord
  5461 | Temple   | Noticed a balrug
  5502 | Temple   | Noticed a hellwing
  5502 | Temple   | Noticed Rosydem the pandemonium lord
  5503 | Temple   | Noticed a hell beast
  5504 | Temple   | Noticed a sun demon
  5522 | Temple   | Noticed Oqarabb the pandemonium lord
  5524 | Temple   | Noticed a Hell Sentinel
  5542 | Temple   | Noticed Xafiv the pandemonium lord
  5568 | Temple   | Noticed a shadow demon
  5569 | Temple   | Noticed a soul eater
  5569 | Temple   | Noticed Xunkio the pandemonium lord
  5646 | D:7      | Reached skill level 1 in Throwing
  5727 | D:7      | Reached skill level 1 in Evocations
  5857 | D:7      | Found a sacrificial altar of Ru.
  5914 | D:7      | Found an iron altar of Okawaru.
  6103 | D:8      | Noticed Grum
  6131 | D:8      | Killed Grum
  6416 | D:8      | Reached skill level 11 in Axes
  6446 | D:8      | Reached XP level 10. HP: 83/90 MP: 7/9
  6471 | D:8      | Found a stormy altar of Qazlal.
  6609 | D:8      | Identified the +3 war axe "Leryck" {elec, Str+4 Int+3
                  | Dex+2}
  7049 | D:9      | Noticed a wizard
  7049 | D:9      | Noticed a deep elf pyromancer
  7049 | D:9      | Noticed a tengu warrior
  7049 | D:9      | Noticed a cyan ugly thing
  7049 | D:9      | Noticed a green ugly thing
  7092 | D:9      | Found a flagged portal.
  7120 | Bailey   | Entered a bailey
  7226 | Bailey   | Noticed an orc knight
  7239 | Bailey   | Killed an orc knight
  7240 | Bailey   | Reached skill level 10 in Armour
  7248 | Bailey   | Noticed an orc knight
  7250 | Bailey   | Found an iron altar of Okawaru.
  7262 | Bailey   | HP: 3/135 [orc knight/+0 broad axe (10)]
  7264 | Bailey   | Killed an orc knight
  7509 | Bailey   | Became a worshipper of Warmaster Okawaru
  7697 | D:9      | Found a shimmering altar of Xom.
  7708 | D:9      | Found a shimmering blue altar of Sif Muna.
  7742 | D:9      | Killed a green ugly thing
  7810 | D:9      | Reached skill level 12 in Axes
  7810 | D:9      | Reached skill level 1 in Invocations
  7812 | D:9      | Reached * piety under Okawaru
  7837 | D:9      | Noticed a boulder beetle
  7843 | D:9      | Noticed a manticore
  7846 | D:9      | Killed a boulder beetle
  7847 | D:9      | Reached XP level 11. HP: 81/97 MP: 6/11
  7848 | D:9      | Noticed a two-headed ogre
  7853 | D:9      | Identified the amulet "Ikusk" {Spirit rPois}
  7853 | D:9      | Noticed a centaur warrior
  7857 | D:9      | Identified the amulet "Homonotu" {Acrobat rF+ rC+}
  7861 | D:9      | Killed a two-headed ogre
  7861 | D:9      | Reached ** piety under Okawaru
  7866 | D:9      | Killed a centaur warrior
  7868 | D:9      | Identified the ring "Woin" {+Blink rN+ Str+3}
  7868 | D:9      | Noticed a centaur warrior
  7878 | D:9      | Killed a centaur warrior
  7886 | D:9      | Noticed a deep elf pyromancer
  7891 | D:9      | Noticed a boulder beetle
  7896 | D:9      | Killed a deep elf pyromancer
  7896 | D:9      | Reached *** piety under Okawaru
  7897 | D:9      | Reached skill level 13 in Axes
  7897 | D:9      | Noticed a brown ugly thing
  7904 | D:9      | Killed a brown ugly thing
  7914 | D:9      | Killed a boulder beetle
  7915 | D:9      | Reached skill level 10 in Fighting
  7922 | D:9      | Found a runed translucent door.
  8059 | D:9      | Identified the ring "Akuanent" {rElec rN+ rCorr MP+9
                  | Slay-6}
  8416 | D:9      | Noticed Harold
  8430 | D:9      | Killed Harold
  8641 | D:10     | Entered Level 10 of the Dungeon
  8643 | D:10     | Found a staircase to the Orcish Mines.
  8644 | D:10     | Found Edabuh's Weapon Emporium.
  8658 | D:10     | Reached skill level 5 in Throwing
  8687 | D:10     | Reached **** piety under Okawaru
  8742 | D:10     | Noticed Nergalle
  8754 | D:10     | Killed Nergalle
  8766 | D:10     | Reached skill level 14 in Axes
  8766 | D:10     | Reached skill level 10 in Shields
  8766 | D:10     | Reached XP level 12. HP: 106/110 MP: 12/14
  8870 | D:10     | Identified the +4 flail of Causality {flame, +Blink rF+}
  8912 | D:10     | Reached XP level 13. HP: 116/116 MP: 15/15
  9006 | D:10     | Found an opulent altar of Gozag.
  9006 | D:10     | Found a sparkling altar of Nemelex Xobeh.
  9028 | D:10     | Found a radiant altar of Vehumet.
  9114 | D:10     | Found a staircase to the Lair.
  9126 | D:10     | Reached ***** piety under Okawaru
  9130 | D:10     | Reached skill level 15 in Axes
  9349 | D:10     | Found a shadowy altar of Dithmenos.
  9647 | D:11     | Found Sulyen's Assorted Antiques.
  9759 | D:11     | Identified the +1 great mace of the Sun {flame, rF- Will+
                  | rCorr Str+3} (Okawaru gifted it to you on level 11 of the
                  | Dungeon)
  9759 | D:11     | Received a gift from Okawaru
  9820 | D:11     | Noticed Josephine
  9830 | D:11     | Killed Josephine
  9838 | D:11     | Reached skill level 5 in Invocations
 10969 | D:12     | Received a gift from Okawaru
 11343 | D:13     | Identified the +6 short sword "Viykkeita" {freeze, rPois
                  | SInv}
 11439 | D:13     | Reached skill level 16 in Axes
 11793 | D:13     | Reached XP level 14. HP: 118/127 MP: 17/17
 11976 | D:13     | Found a basalt altar of Yredelemnul.
 12263 | D:14     | Found a gate to the Vaults.
 12332 | D:14     | Received a gift from Okawaru
 12546 | D:14     | Noticed Kirke
 12571 | D:14     | Killed Kirke
 12572 | D:14     | Reached skill level 17 in Axes
 13002 | D:14     | Received a gift from Okawaru
 13445 | D:15     | Entered Level 15 of the Dungeon
 13574 | D:15     | Received a gift from Okawaru
 13683 | D:15     | Received a gift from Okawaru
 14128 | D:15     | Found a staircase to the Depths.
 14134 | D:15     | Received a gift from Okawaru
 14708 | Lair:1   | Entered Level 1 of the Lair of Beasts
 15001 | Lair:1   | Reached XP level 15. HP: 136/136 MP: 19/19
 15097 | Lair:1   | Identified the +1 whip "Sussavow" {venom, *Noise rElec
                  | rPois MP+9}
 15534 | Lair:2   | Identified the -1 kite shield "Yraeg" {-Tele rC+ rCorr
                  | Str+3} (Okawaru gifted it to you on level 2 of the Lair of
                  | Beasts)
 15534 | Lair:2   | Received a gift from Okawaru
 15674 | Lair:2   | Noticed Gastronok
 15683 | Lair:2   | Killed Gastronok
 15684 | Lair:2   | Reached skill level 18 in Axes
 16430 | Lair:3   | Found a staircase to the Shoals.
 16589 | Lair:3   | Found a staircase to the Snake Pit.
 17878 | Lair:5   | Entered Level 5 of the Lair of Beasts
 18147 | Lair:5   | Identified the +1 spear of Moatz {spect, rPois rC+ Str+2
                  | Int+2}
 18165 | Lair:5   | Received a gift from Okawaru
 18178 | Lair:5   | Identified the +1 robe of the Shifting Gods {rElec Regen+
                  | Dex-2}
 18211 | Lair:5   | Reached skill level 15 in Armour
 18337 | Lair:5   | Noticed Sonja
 18344 | Lair:5   | Found a staircase to the Slime Pits.
 18345 | Lair:5   | Killed Sonja
 18346 | Lair:5   | Reached skill level 10 in Throwing
 18690 | Lair:5   | Received a gift from Okawaru
 19341 | Orc:1    | Entered Level 1 of the Orcish Mines
 19757 | Orc:2    | Entered Level 2 of the Orcish Mines
 20130 | Orc:2    | Found Ucsil's Armour Boutique.
 20134 | Orc:2    | Received a gift from Okawaru
 20144 | Orc:2    | Reached XP level 16. HP: 144/147 MP: 21/21
 20149 | Orc:2    | Found Vympirus's Antique Weapon Shoppe.
 20149 | Orc:2    | Gained mutation: You are dopey. (Int -2) [a neqoxec]
 20164 | Orc:2    | Received a gift from Okawaru
 20196 | Orc:2    | Bought the +5 Storm Queen's Shield {shock, Fly rElec} for
                  | 547 gold pieces
 20196 | Orc:2    | Found the +5 Storm Queen's Shield {shock, Fly rElec}
 20432 | Orc:2    | Found Ugoe's Assorted Antiques.
 20437 | Orc:2    | Found Raxeazod's Antique Armour Boutique.
 20446 | Orc:2    | Bought a fluorescent wand for 84 gold pieces
 20446 | Orc:2    | Bought a wand of mindburst (7) for 205 gold pieces
 20446 | Orc:2    | Bought a potion of resistance for 210 gold pieces
 20503 | Orc:2    | Found a staircase to the Elven Halls.
 21205 | Shoals:1 | Entered Level 1 of the Shoals
 21244 | Shoals:1 | Received a gift from Okawaru
 22092 | Shoals:2 | Found a frozen archway.
 22100 | IceCv    | Entered an ice cave
 22219 | IceCv    | Received a gift from Okawaru
 22221 | IceCv    | Reached skill level 15 in Fighting
 22421 | IceCv    | Reached skill level 5 in Evocations
 22562 | IceCv    | Received a gift from Okawaru
 22570 | IceCv    | Reached skill level 10 in Invocations
 22797 | Shoals:2 | Found a runed translucent gate.
 22800 | Shoals:2 | Found a runed translucent gate.
 22802 | Shoals:2 | Found a runed translucent gate.
 23581 | Shoals:3 | Slain by a faun

Illustrated notes

Levels and vault maps discovered:
D:1:      minmay_arrival_wavy_path, layout_loops_cross, skrybe_limestone_x
D:2:      minmay_chambers_of_twos, layout_basic, grunt_ministairs_14,
          uniq_robin, uniq_jessica
D:3:      layout_loops_cross, nicolae_uskayaw_en_pointe,
          chequers_serial_rivers_marsh, eino_tiny_chamber
D:4:      layout_basic
D:5:      layout_basic, minmay_between
D:6:      layout_loops_ring, grunt_temple_overflow_order_and_chaos_2,
          bloody_trog, cheibrodos_ashenzari_chains, mainiacjoe_overflow_swirl,
          st_stairs_12, minmay_hedge_maze
D:7:      layout_rooms, general_overflow_altar, nicolae_ru_awakened_eye,
          minmay_temple_entry_slanted, uniq_pikel
D:8:      corexii_shantytown, layout_rooms, kennysheep_mini_moat, uniq_grum
D:9:      minmay_the_grid_triangle_9x9_recursive_2_mashed
          [minmay_the_grid_triangle_9x9_prize_special,
          minmay_the_grid_triangle_9x9_subtriangle,
          minmay_the_grid_triangle_9x9_descending_squares,
          minmay_the_grid_triangle_9x9_skeleton], layout_basic,
          mainiacjoe_overflow_small_starburst, mainiacjoe_overflow_paths,
          enter_bailey_3, uniq_harold
D:10:     layout_loops_cross, grunt_temple_overflow_opulence,
          mainiacjoe_overflow_boulevard,
          nicolae_dithmenos_through_a_glass_darkly, due_lair_maze_entry_diamond,
          orc_david_3, uniq_nergalle
D:11:     layout_loops_ring, serial_shops, nicolae_shop_back_alley_shop,
          kennysheep_generic_room_5, uniq_josephine
D:12:     layout_long_grid, serial_ice, serial_ice_g, serial_ice_k,
          serial_ice_e, serial_ice_m
D:13:     layout_loops_ring, lemuel_zombie_altar_yredelemnul
D:14:     minmay_bubble_buster, layout_layer_cave, david_vaults_4,
          nicolae_sextant, nicolae_kite_square_tiling_tiny,
          columned_hall_lemuel, uniq_kirke
D:15:     grunt_enter_depths_magical_seal, layout_gridville,
          small_statue_intersection, minmay_three_doors
Temple:   nicolae_temple_panitentiary
Lair:1:   layout_roguey, grunt_megastairs_2, serial_bayou_shore_a,
          infiniplex_staircase_pool_2
Lair:2:   layout_long_grid, infiniplex_staircase_pool, grunt_megastairs_1,
          uniq_gastronok
Lair:3:   layout_loops_ring, elwin_shoals_entry_stream, dummy_snake_entry
Lair:4:   layout_concentric_octagons
Lair:5:   evilmike_catoblepas_cave, layout_hall_layers, slime_entry_1,
          grunt_forest_large_clearing_hut, grunt_megastairs_5,
          serial_bayou_shore_b, uniq_sonja
Shoals:1: layout_shoals, nicolae_shoals_water_elemental_grotto
Shoals:2: layout_shoals, portal_ice_cave_entry_pillars_three,
          nicolae_shoals_beach_cooler
Shoals:3: cheibrodos_shoals_satyrical_garden, layout_shoals
Orc:1:    cheibrodos_orc_bank, layout_diamond_mine,
          nicolae_orc_flooded_monolith, minmay_orc_temple_a
Orc:2:    st_orc_elflike, layout_diamond_mine

Skill      XL: |  1  2  3  4  5  6  7  8  9 10 11 12 13 14 15 16 |
---------------+-------------------------------------------------+-----
Axes           | 3 4 5 6 7 8 9 11 12 14 16 17 18 | 18.6
Fighting       | 4 5 6 7 8 9 11 12 13 14 15 | 15.3
Armour         | 4 6 8 9 10 12 13 14 15 16 | 16.1
Shields        | 4 5 6 7 10 11 12 13 14 | 14.6
Throwing       | 1 3 5 7 8 10 | 10.0
Evocations     | 1 2 3 5 |  5.4
Invocations    | 1 4 6 7 9 10 | 10.2

Action                     |  1- 3 |  4- 6 |  7- 9 | 10-12 | 13-15 | 16-18 || total
---------------------------+-------+-------+-------+-------+-------+-------++-------
  Melee: War axe           |    62 |    85 |   242 |   258 |   980 |   326 ||  1953
         Headbutt          |     4 |     9 |    40 |    61 |   263 |    97 ||   474
         Broad axe         |       |       |       |       |       |    28 ||    28
  Throw: Dart              |       |    11 |       |       |       |       ||    11
         Boomerang         |       |       |       |       |    16 |       ||    16
 Invoke: Heroism           |       |       |       |     3 |     3 |     1 ||     7
         Finesse           |       |       |       |       |     8 |     2 ||    10
  Evoke: Wand              |       |       |    26 |     9 |     1 |     1 ||    37
    Use: Potion            |     2 |     1 |       |     5 |       |     8 ||    16
         Scroll            |       |     4 |    12 |     5 |    14 |     5 ||    40
   Stab: Petrified         |       |       |       |       |    10 |       ||    10
         Paralysed         |       |       |       |       |     1 |       ||     1
         Invisible         |       |       |       |       |       |     6 ||     6
 Armour: Scale mail        |    35 |    14 |       |       |       |       ||    49
         Chain mail        |       |    16 |     1 |       |       |       ||    17
         Crystal plate arm |       |       |   240 |   141 |   784 |   169 ||  1334
  Dodge: Dodged            |    38 |    32 |    87 |    61 |   266 |    51 ||   535
  Block: Buckler           |    27 |    19 |    66 |    57 |   199 |       ||   368
         Kite shield       |       |       |       |       |   212 |   271 ||   483
